 Dungeon Crawl Stone Soup version 0.21.0-3-g78d12a8 (webtiles) character file.

44 wazuzu the Ducker (level 3, -4/46 HPs)
             Began as a Gnoll Gladiator on Jan 17, 2018.
             Was an Initiate of Okawaru.
             Slain by grom234's ghost (10 damage)
             ... on level 3 of the Dungeon.
             The game lasted 00:03:41 (1577 turns).

wazuzu the Ducker (Gnoll Gladiator)                 Turns: 1577, Time: 00:03:42

Health: -4/46      AC:  6    Str: 22    XL:     3   Next: 62%
Magic:  4/4        EV: 16    Int: 10    God:    Okawaru [......]
Gold:   70         SH:  0    Dex: 16    Spells: 3/3 levels left

rFire    . . .     SeeInvis .   a - +0 quarterstaff
rCold    . . .     Gourm    .   (shield currently unavailable)
rNeg     . . .     Faith    .   b - +0 leather armour
rPois    .         Spirit   .   c - +0 helmet
rElec    .         Reflect  .   i - +0 cloak
rCorr    .         Harm     .   n - +0 pair of gloves
MR       .....                  (no boots)
Stlth    ..........             (no amulet)
HPRegen  0.15/turn              (no ring)
MPRegen  0.09/turn              (no ring)

@: mighty, berserking, very quick
A: distributed training, fangs 1, strong nose
a: Renounce Religion


You were on level 3 of the Dungeon.
You worshipped Okawaru.
Okawaru was noncommittal.
You were not hungry.

You visited 1 branch of the dungeon, and saw 3 of its levels.

You collected 70 gold pieces.

Inventory:

Hand Weapons
 a - a +0 quarterstaff (weapon)
Missiles
 d - 3 throwing nets (quivered)
Armour
 b - a +0 leather armour (worn)
 c - a +0 helmet (worn)
 i - a +0 cloak (worn)
 n - a +0 pair of gloves (worn)
Scrolls
 e - a scroll of identify {unknown}
 g - 2 scrolls of enchant weapon {unknown}
 h - 2 scrolls of remove curse {unknown}
 j - a scroll of magic mapping {unknown}
 m - a scroll of blinking {unknown}
 q - a scroll of random uselessness {unknown}
Potions
 o - a potion of invisibility {unknown}
Comestibles
 f - 5 rations


   Skills:
 + Level 4.5 Fighting
 + Level 0.8 Short Blades
 + Level 0.8 Long Blades
 + Level 0.8 Axes
 + Level 0.8 Maces & Flails
 + Level 0.8 Polearms
 + Level 6.5 Staves
 + Level 0.8 Slings
 + Level 0.8 Bows
 + Level 0.8 Crossbows
 + Level 4.5 Throwing
 + Level 0.8 Armour
 + Level 6.5 Dodging
 + Level 0.8 Stealth
 + Level 0.8 Shields
 + Level 0.8 Unarmed Combat
 + Level 0.8 Spellcasting
 + Level 0.5 Conjurations
 + Level 0.5 Hexes
 + Level 0.5 Charms
 + Level 0.5 Summonings
 + Level 0.5 Necromancy
 + Level 0.5 Translocations
 + Level 0.5 Transmutations
 + Level 0.5 Fire Magic
 + Level 0.5 Ice Magic
 + Level 0.5 Air Magic
 + Level 0.5 Earth Magic
 + Level 0.5 Poison Magic
 + Level 1.0 Invocations
 + Level 0.8 Evocations


You had 3 spell levels left.
You didn't know any spells.

Dungeon Overview and Level Annotations

Branches:
Dungeon (3/15)

Altars:
Okawaru

Annotations:
D:3 grom234's ghost, amateur TrFi


Innate Abilities, Weirdness & Mutations

Your experience applies equally to all skills.
You have very sharp teeth.
Your uncanny sense of smell can sniff out nearby items.


Message History

You hit grom234's ghost.
You bite grom234's ghost, but do no damage.
Grom234's ghost is moderately damaged.
Grom234's ghost misses you.
You barely miss grom234's ghost.
Grom234's ghost is moderately damaged.
Grom234's ghost hits you!
* * * LOW HITPOINT WARNING * * *
You barely miss grom234's ghost.
Grom234's ghost is moderately damaged.
Grom234's ghost hits you.
* * * LOW HITPOINT WARNING * * *
You sock grom234's ghost!
You bite grom234's ghost, but do no damage.
Grom234's ghost is heavily damaged.
Grom234's ghost closely misses you.
It was a potion of berserk rage.
A red film seems to cover your vision as you go berserk!
You feel yourself moving faster!
You feel mighty! Grom234's ghost hits you!
You die...

∆ #...# ##. ... #.. . ...
#.# .. #.# #.# ... #.#
#.# ....####.#####.#
...............# #
#..#####.####..######S...
. #.# #...@Wo.So.# #.#
#.#######.## ..# #.# #.#
#.# ..# #.# ### #.# #.#


You could see grom234's ghost, an adder, 2 orcs and a ball python.

Vanquished Creatures
  An adder (D:2)
  2 dart slugs (D:1)
  A leopard gecko (D:1)
  An orc (D:3)
  A giant cockroach (D:2)
  4 goblins
  6 hobgoblins (D:2)
  A quokka (D:2)
  A bat (D:2)
  7 frilled lizards
  2 kobolds (D:2)
  2 rats (D:2)
29 creatures vanquished.

Notes
Turn   | Place    | Note
-------+----------+-------------------------------------------
     0 | D:1      | wazuzu the Gnoll Gladiator began the quest for the Orb.
     0 | D:1      | Reached XP level 1. HP: 20/20 MP: 1/1
   129 | D:1      | Reached XP level 2. HP: 25/26 MP: 2/2
   569 | D:2      | Reached XP level 3. HP: 20/31 MP: 3/3
   916 | D:2      | Found an iron altar of Okawaru.
   932 | D:2      | Became a worshipper of Warmaster Okawaru
  1228 | D:2      | Reached skill level 1 in Invocations
  1560 | D:3      | Noticed grom234's ghost (amateur TrFi)
  1577 | D:3      | Slain by grom234's ghost

Skill      XL: |  1  2  3 |
---------------+----------+-----
Invocations    | 1 |  1.0
Fighting       | |  4.5
Short Blades   | |  0.8
Long Blades    | |  0.8
Axes           | |  0.8
Maces & Flails | |  0.8
Polearms       | |  0.8
Staves         | |  6.5
Slings         | |  0.8
Bows           | |  0.8
Crossbows      | |  0.8
Throwing       | |  4.5
Armour         | |  0.8
Dodging        | |  6.5
Stealth        | |  0.8
Shields        | |  0.8
Unarmed Combat | |  0.8
Spellcasting   | |  0.8
Conjurations   | |  0.5
Hexes          | |  0.5
Charms         | |  0.5
Summonings     | |  0.5
Necromancy     | |  0.5
Translocations | |  0.5
Transmutations | |  0.5
Fire Magic     | |  0.5
Ice Magic      | |  0.5
Air Magic      | |  0.5
Earth Magic    | |  0.5
Poison Magic   | |  0.5
Evocations     | |  0.8

Action                   || total
-------------------------++-------
Melee: Quarterstaff      ||    72
       Bite              ||     9
  Use: Potion            ||     2
       Scroll            ||     1
 Stab: Sleeping          ||     2
  Eat: Chunk             ||     2
Armor: Leather armour    ||     9
Dodge: Dodged            ||    46
